Map: Vallée des cactus EC

Players

AgCl - Winner!

  • Race: Protoss Protoss
  • League: Grandmaster

doctorclo

  • Race: Terran Terran
  • League: Grandmaster

VOD

Have the link to the VOD?

Description

Time

  • Played on: July 12, 2015, 5:35 p.m.
  • Length: 9:59
Show
View Real Time Build Order
Export as new Build Order

AgCl Protoss - Winner!

Build Orders: Oracle Opening, Carrier Rush 

Get SALT Encoding   

  12  0:07  Probe  
  13  0:27  Probe (Chrono Boost)  
  14  0:32  Assimilator  
  14  0:34  Pylon x2  
  14  0:53  Gateway  
  14  0:54  Probe (Chrono Boost)  
  15  1:07  Probe (Chrono Boost)  
  16  1:15  Probe (Chrono Boost)  
  17  1:24  Probe  
  18  1:29  Assimilator  
  18  1:36  Probe  
  18  1:39  Zealot (Chrono Boost)  
  21  1:48  Probe  
  22  2:00  Probe (Chrono Boost)  
  23  2:07  Cybernetics Core  
  22  2:12  Probe (Chrono Boost)  
  23  2:21  Probe (Chrono Boost)  
  24  2:29  Probe  
  25  2:41  Probe  
  26  2:48  Stargate  
  26  2:53  Probe  
  25  3:05  Probe  
  25  3:10  Nexus  
  26  3:13  Warp Gate (Chrono Boost)  
  26  3:17  Probe  
  27  3:33  Oracle (Chrono Boost)  
  30  3:37  Pylon  
  30  3:40  Pylon  
  30  3:49  Pylon  
  32  3:55  Mothership Core  
  32  3:56  Fleet Beacon  
  32  4:09  Assimilator  
  32  4:16  Probe  
  33  4:20  Carrier (Chrono Boost)  
  33  4:23  Probe  
  34  4:28  Probe  
  35  4:41  Probe (Chrono Boost)  
  35  4:45  Pylon  
  42  4:48  Stargate  
  42  4:51  Probe x2 (Chrono Boost)  
  42  4:52  Assimilator  
  46  5:00  Probe (Chrono Boost)  
  46  5:04  Probe (Chrono Boost)  
  46  5:11  Carrier (Chrono Boost)  
  43  5:35  Probe (Chrono Boost)  
  50  5:37  Gateway  
  50  5:38  Probe (Chrono Boost)  
  50  5:39  Pylon  
  50  5:40  Robotics Facility  
  51  5:48  Probe (Chrono Boost)  
  51  5:49  Probe (Chrono Boost), Graviton Catapult  
  53  5:52  Carrier (Chrono Boost)  
  53  5:56  Probe (Chrono Boost)  
  55  5:58  Probe (Chrono Boost)  
  55  6:06  Probe (Chrono Boost)  
  55  6:08  Probe (Chrono Boost)  
  57  6:13  Probe (Chrono Boost)  
  57  6:14  Probe  
  59  6:25  Probe  
  66  6:26  Probe  
  66  6:32  Protoss Air Weapons Level 1  
  67  6:34  Warp Prism (Chrono Boost)  
  67  6:37  Probe  
  70  6:40  Probe  
  71  6:49  Probe  
  71  6:52  Probe  
  73  6:55  Carrier (Chrono Boost)  
  74  7:01  Probe  
  74  7:04  Probe  
  75  7:13  Probe  
  75  7:15  Gateway  
  82  7:16  Probe  
  82  7:17  Pylon  
  83  7:25  Probe  
  84  7:32  Nexus  
  84  7:35  Adept  
  84  7:36  Adept  
  88  7:47  Pylon  
  88  7:48  Probe, Carrier (Chrono Boost)  
  88  7:50  Probe  
  92  8:10  Carrier (Chrono Boost)  
  90  8:29  Warp Prism  
  98  8:41  Assimilator  
  98  8:43  Probe  
  98  8:46  Forge, Assimilator  
  98  8:47  Probe  
  98  9:06  Observer  
  111  9:34  Probe (Chrono Boost)  
  111  9:35  Pylon  
  111  9:37  Probe (Chrono Boost)  
  114  9:42  Probe (Chrono Boost)  
  110  9:46  Probe (Chrono Boost), Adept x2  
  110  9:48  Probe (Chrono Boost)  
Show
View Real Time Build Order
Export as new Build Order

doctorclo Terran 

Build Orders:  

Get SALT Encoding   

  12  0:01  SCV  
  13  0:13  SCV  
  14  0:18  Supply Depot  
  14  0:26  SCV  
  15  0:40  SCV  
  15  0:42  Barracks  
  16  0:52  SCV  
  17  1:04  SCV  
  18  1:16  SCV  
  19  1:23  Command Center  
  19  1:33  Orbital Command  
  19  1:39  Marine  
  20  1:49  Supply Depot  
  20  2:01  Marine  
  19  2:03  SCV  
  19  2:06  Refinery  
  21  2:10  Barracks  
  21  2:15  SCV  
  22  2:26  Bunker  
  22  2:27  SCV  
  23  2:37  Orbital Command  
  23  2:39  SCV  
  23  2:43  Marine  
  24  2:51  SCV  
  24  3:01  Marine x2  
  24  3:03  SCV, Barracks  
  24  3:08  SCV  
  25  3:15  Bunker  
  25  3:18  Supply Depot  
  25  3:20  SCV  
  25  3:25  Marine  
  27  3:32  SCV  
  28  3:43  Marine  
  28  3:44  SCV  
  28  3:45  Supply Depot  
  30  3:51  SCV  
  31  3:56  SCV  
  31  3:58  Marine  
  31  4:01  Barracks  
  33  4:03  SCV  
  33  4:06  Supply Depot  
  33  4:08  SCV  
  35  4:15  SCV  
  36  4:20  SCV  
  33  4:26  Marine x2  
  33  4:27  Marine  
  33  4:28  SCV  
  34  4:33  SCV  
  29  4:40  SCV, Engineering Bay  
  29  4:44  Marine x3  
  29  4:45  SCV  
  34  4:49  Marine  
  34  4:52  SCV  
  36  4:57  SCV  
  36  5:02  Marine x3  
  36  5:04  SCV  
  40  5:07  Marine  
  40  5:09  SCV  
  40  5:10  Missile Turret  
  42  5:15  Missile Turret  
  42  5:17  Engineering Bay  
  40  5:33  SCV  
  41  5:35  Marine  
  41  5:36  Marine x2  
  41  5:37  Marine  
  41  5:40  SCV  
  46  5:44  Supply Depot, Refinery  
  46  5:45  SCV  
  47  5:52  SCV  
  47  5:56  Barracks Tech Lab  
  49  5:57  SCV  
  49  5:58  Barracks Tech Lab  
  49  5:59  Barracks Reactor  
  49  6:04  Terran Infantry Weapons Level 1  
  49  6:05  SCV, Terran Infantry Armor Level 1  
  49  6:09  SCV  
  51  6:14  Barracks Reactor  
  51  6:21  SCV  
  51  6:22  Missile Turret  
  52  6:27  Missile Turret  
  52  6:32  Factory  
  52  6:33  SCV  
  52  6:36  SCV  
  54  6:42  Marauder x2, Marine x2  
  54  6:43  Refinery  
  54  6:44  Stimpack  
  54  6:45  SCV  
  61  6:48  SCV  
  61  6:50  Refinery  
  61  6:53  Marine x2  
  64  6:57  SCV  
  64  6:59  Marine  
  64  7:00  SCV, Marine  
  68  7:03  Marauder, Marine  
  71  7:08  Missile Turret  
  71  7:09  SCV  
  71  7:14  Marine x2  
  74  7:18  Factory Reactor  
  74  7:20  Starport  
  74  7:21  Marauder, Marine x2  
  78  7:27  Supply Depot  
  78  7:32  Missile Turret  
  78  7:37  Supply Depot  
  78  7:38  Supply Depot  
  78  7:41  Armory  
  78  7:48  Marine  
  78  7:49  SCV, Marauder x2  
  80  8:01  SCV  
  79  8:08  Marine  
  79  8:09  Marine x3  
  79  8:10  Marauder x2  
  79  8:11  Starport Reactor  
  76  8:26  Marine x2  
  76  8:27  Marine x2  
  74  8:30  SCV  
  74  8:32  Supply Depot, Marauder x2  
  79  8:40  Missile Turret  
  76  8:42  SCV  
  76  8:44  Marine x4  
  81  8:53  Marauder x2  
  84  9:02  Marine x4  
  76  9:07  Viking x2  
  68  9:14  Marine x2  
  62  9:20  Marine x4  
  60  9:32  Marine x2  
  60  9:37  Marine  
  60  9:38  Marine x3  
Tags
 
Add a new tag
Caveats
  • Supply blocks, unpowered buildings, or Contaminate may cause inaccurate times.
  • Supply counts are checked every 10 seconds.